 Dungeon Crawl Stone Soup version 0.15.1-1-gfacfea3 (webtiles) character file.

658437 Kashira the Cryomancer (level 26, -9/122 HPs)
             Began as a Felid Ice Elementalist on Sept 21, 2014.
             Was the Champion of Vehumet.
             Mangled by a sixfirhy (13 damage)
             ... in Pandemonium on Sept 24, 2014.
             The game lasted 20:12:52 (200264 turns).

Kashira the Cryomancer (Felid Ice Elementalist)   Turns: 200264, Time: 20:12:53

HP  -9/122       AC  3     Str  4 (5)  XL: 26   Next: 96%
MP   0/47        EV 37     Int 19 (20) God: Vehumet [******]
Gold 5540        SH  0     Dex 18      Spells: 14 memorised,  0 levels left
Lives: 0, deaths: 5

rFire  . . .     SeeInvis +     (weapon unavailable)
rCold  + + .     Clarity  .     (armour unavailable)
rNeg   + . .     rCorr    .     (shield unavailable)
rPois  +         rRot     .     (helmet unavailable)
rElec  .         Spirit   +     (cloak unavailable)
SustAb .         Warding  .     (gloves unavailable)
rMut   .         Stasis   .     (boots unavailable)
Gourm  .                        Z - amulet of guardian spirit
MR     +++..                    i - ring "Blitt" {rC+ Int+1 Stlth+}
                                m - ring of Shadows {Umbra +Inv rN+ SInv}

@: very slightly contaminated, wreathed by umbra, repel missiles, quick,
extremely resistant to hostile enchantments, extremely stealthy
A: paw claws, no armour, no weapons or thrown items, fangs 3, see invisible,
breathe flames 1, carnivore 3, clumsy 2, deterioration 2, dopey 1, speed 1,
frail 1, mutation resistance 1, poison resistance, shaggy fur 3, slow metabolism
1, weak 1, jump 3
a: Jump Attack, Renounce Religion, Breathe Fire, Evoke Invisibility
}: 5/15 runes: barnacled, slimy, silver, abyssal, gossamer


You were in Pandemonium.
You worshipped Vehumet.
Vehumet was exalted by your worship.
You were hungry.

You visited 12 branches of the dungeon, and saw 63 of its levels.
You visited Pandemonium 1 time, and saw 2 of its levels.
You visited the Abyss 4 times.
You visited 1 Ziggurat, and saw 10 of its levels.
You also visited: Labyrinth, Volcano and Wizlab.

You collected 10309 gold pieces.
You spent 4351 gold pieces at shops.

Inventory:

Magical devices
 b - a wand of fireball (1)
 h - a wand of fire (1)
 j - a wand of teleportation (0)
 l - a wand of heal wounds (0)
 E - a wand of digging (10)
Comestibles
 c - 7 meat rations
 A - 2 royal jellies
Scrolls
 t - 6 scrolls of fog
 w - a scroll of holy word
 C - 3 scrolls of magic mapping
 K - a scroll of fear
 O - 17 scrolls of identify
Jewellery
 a - the ring "Uniwagom" {rN+ MR+ Int-3}
   (You found it on level 6 of the Pits of Slime)

   [ring of protection from magic]

   It affects your intelligence (-3).
   It protects you from negative energy.
   It affects your resistance to hostile enchantments.
 i - the ring "Blitt" (right paw) {rC+ Int+1 Stlth+}
   (You bought it in a shop on level 4 of the Orcish Mines)

   [ring of stealth]

   It affects your intelligence (+1).
   It protects you from cold.
   It makes you more stealthy.
 m - the ring of Shadows (left paw) {Umbra +Inv rN+ SInv}
   (You found it on level 5 of the Vaults)

   [ring of invisibility]

   It protects you from negative energy.
   It enhances your eyesight.
   It lets you turn invisible.
 o - an uncursed ring of ice
 x - an uncursed ring of protection from fire
 y - the ring "Pivokov" {+Fly MR+}
   (You found it on level 5 of the Vaults)

   [ring of protection from magic]

   It affects your resistance to hostile enchantments.
   It lets you fly.
 D - the ring "Thaczash" {+Inv rF+}
   (You found it on level 6 of the Pits of Slime)

   [ring of invisibility]

   It protects you from fire.
   It lets you turn invisible.
 Z - an amulet of guardian spirit (around neck)
Potions
 e - 6 potions of agility
 f - 4 potions of curing
 p - 8 potions of resistance
 q - 3 potions of magic
 r - a potion of cure mutation
 s - a potion of heal wounds
 v - a potion of might
 J - 2 potions of berserk rage
Books
 g - a book of Air

   Spells                             Type                      Level
   Shock                              Conjuration/Air              1
   Swiftness                          Charms/Air                   2
   *Repel Missiles                    Charms/Air                   2
   Flight                             Charms/Air                   3
   Static Discharge                   Conjuration/Air              3
   Lightning Bolt                     Conjuration/Air              5
 n - a book of Wizardry

   Spells                             Type                      Level
   Agony                              Necromancy                   5
   Force Lance                        Conjuration                  5
   Dispersal                          Translocation                6
   *Haste                             Charms                       6
   Invisibility                       Hexes                        6
   *Spellforged Servitor              Conjuration/Summoning        7
 z - a book of Geomancy

   Spells                             Type                      Level
   Sandblast                          Earth                        1
   Stoneskin                          Transmutation/Earth          2
   Passwall                           Transmutation/Earth          3
   Stone Arrow                        Conjuration/Earth            3
   Petrify                            Transmutation/Earth          4
   Lee's Rapid Deconstruction         Earth                        5
Miscellaneous
 d - a phial of floods
 k - a lantern of shadows
 u - a plain deck of wonders {drawn: 3}
 B - an ornate deck of changes {the Helm}
 N - a stone of tremors (inert)
 S - a plain deck of summonings {Repulsiveness, drawn: 10}
 U - a disc of storms
 W - a plain deck of summonings {the Bones}
 X - a lamp of fire
 Y - a sack of spiders {used: 9}


   Skills:
 - Level 23.0 Fighting
 - Level 22.3 Dodging
 - Level 5.0 Stealth
 - Level 0.6 Unarmed Combat
 - Level 20.0 Spellcasting
 - Level 21.3 Conjurations
 + Level 7.5 Charms
 - Level 6.3 Necromancy
 - Level 2.2 Translocations
 - Level 24.0 Ice Magic
 - Level 5.1 Air Magic
 - Level 17.1 Evocations


You couldn't memorise any spells.
You knew the following spells:

 Your Spells              Type           Power        Failure   Level  Hunger
a - Freeze                Ice            ####         0%          1    None
b - Spellforged Servitor  Conj/Summ      ######....   9%          7    ######.
c - Ozocubu's Armour      Chrm/Ice       ######..     0%          3    None
d - Condensation Shield   Ice            #######...   0%          4    None
e - Throw Icicle          Conj/Ice       #######.     0%          4    None
f - Bolt of Cold          Conj/Ice       #######...   1%          6    ####...
g - Ozocubu's Refrigerat  Ice            #######...   1%          6    ####...
h - Sticky Flame          Conj/Fire      ######..     1%          4    None
i - Freezing Cloud        Conj/Ice/Air   ######....   1%          6    ####...
j - Glaciate              Conj/Ice       #######...   8%          9    #######
k - Haste                 Chrm           #####...     21%         6    ####...
l - Simulacrum            Ice/Necr       ######....   1%          6    ####...
m - Repel Missiles        Chrm/Air       #####.       1%          2    None
n - Blink                 Tloc           N/A          1%          2    None


Dungeon Overview and Level Annotations

Branches:
Dungeon (15/15)            Temple (1/1) D:4             Orc (4/4) D:10
    Elf (3/3) Orc:3          Lair (8/8) D:10         Shoals (5/5) Lair:3
 Spider (5/5) Lair:5        Slime (6/6) Lair:8       Vaults (5/5) D:13
  Crypt (1/3) Vaults:3     Depths (5/5) D:15            Zot (5/5) Depths:5

Altars:
Cheibriados
Dithmenos
Fedhas
Kikubaaqudgha
Okawaru
Sif Muna
Trog
Vehumet
Xom
Yredelemnul
Zin
The Shining One
Beogh
Jiyva

Shops:
D:11 ?   D:13 ?   Orc:3 }   Orc:4 %!%=   Elf:2 !   Elf:3 :   Shoals:1 [
Vaults:4 (

Portals:
Hell: Depths:1 Depths:2 Depths:3 Depths:4 Depths:5
Abyss: Depths:3 Depths:4
Pandemonium: Depths:2 Depths:3 Depths:5

Annotations:
D:6 Sigmund
D:8 Kerbtree's ghost, experienced NaIE
Shoals:1 exclusion: Roxanne, Roxanne
Shoals:5 Ilsuiw
Crypt:1 exclusion: curse skull


Innate Abilities, Weirdness & Mutations

You cannot wear armour.
You are incapable of wielding weapons or throwing items.
Your paws have sharp claws.
You have razor-sharp teeth.
You have supernaturally acute eyesight.
You are carnivorous and can eat meat at any time.
You cover ground quickly.
Your thick and shaggy fur keeps you warm (AC +3, rC+).
You have a slow metabolism.
You can jump attack at a long distance.
You can breathe flames.
You are very clumsy. (Dex -4)
Your body is deteriorating.
You are dopey. (Int -2)
You are frail (-10% HP).
You are somewhat resistant to further mutation.
Your system is resistant to poisons.
You are weak. (Str -2)


Message History

Found a glowing short sword.
The sixfirhy hits you!
* * * LOW HITPOINT WARNING * * *
The sixfirhy shocks you!
* * * LOW HITPOINT WARNING * * *
The sixfirhy misses you. The sixfirhy completely misses you.
Casting: Spellforged Servitor
Confirm with . or Enter, or press ? or * to list all spells.
You don't have enough magic to cast that spell.
The sixfirhy closely misses you.
Found a bread ration.
You see here a scroll of holy word.
w - a scroll of holy word The sixfirhy completely misses you. x2
The sixfirhy hits you!
* * * LOW HITPOINT WARNING * * *
The sixfirhy shocks you!
* * * LOW HITPOINT WARNING * * *
The sixfirhy hits you!
You die...

# %.# ..
####+## .####
#.....###.)..#
#...........#
#...........#
#...........#
#......4@...#
#...2.......#
#...######+##
#...# #.(..
#....# #....+
#....# #....


You could see a blizzard demon and a sixfirhy.

Vanquished Creatures
  the royal jelly (Slime:6)
  An orb of fire (Zot:4)
  Mara (thrice) (Depths:2)
  An ancient lich (Vaults:4)
  Saint Roka (Depths:2)
  Margery (Depths:4)
  A Killer Klown (Zig:3)
  6 golden dragons
  An electric golem (Zot:4)
  2 Ice Fiends
  3 deep elf blademasters
  A Cloud Mage (WizLab)
  8 tentacled monstrosities
  2 Shadow Fiends
  5 deep elf master archers
  7 titans
  5 liches
  32 acid blobs
  A quicksilver dragon (Vaults:4)
  An Executioner (Zig:10)
  Polyphemus (Shoals:4)
  2 sphinxes
  11 storm dragons
  A kraken (Shoals:5)
  Rupert (D:13)
  Agnes (Shoals:5)
  10 tentacled starspawn
  3 shadow dragons
  7 tengu reavers
  2 thorn hunters (Zig:9)
  7 draconian monks
  14 azure jellies
  Donald (Spider:4)
  6 frost giants
  A deep elf sorcerer (Elf:3)
  Wiglaf (Depths:4)
  7 draconian scorchers
  9 fire giants
  13 vault wardens
  2 iron dragons
  6 draconian knights
  6 emperor scorpions
  2 orc warlords (Depths:4)
  9 draconian zealots
  Gastronok (Lair:1)
  3 war gargoyles
  2 balrugs
  8 ghost moths
  5 reapers (Depths:3)
  An angel (Depths:2)
  8 draconian annihilators
  5 spriggan defenders
  2 blood saints (Zig:10)
  9 very ugly things
  26 stone giants
  2 draconian shifters
  2 grey draconians
  A curse skull (Zig:8)
  7 deep elf demonologists
  6 green draconians
  3 draconian callers
  3 black draconians
  A vampire knight (Depths:3)
  4 pale draconians
  9 white draconians
  10 deep elf annihilators
  10 red draconians
  3 purple draconians
  6 yellow draconians
  A lorocyproca (Zig:10)
  6 blizzard demons
  2 dire elephants (Depths:3)
  7 mottled draconians
  Snorg (Lair:4)
  4 merfolk javelineers
  2 minotaurs
  5 deep elf high priests
  A green death (Depths:2)
  12 merfolk impalers
  21 ironheart preservers
  13 fire dragons
  14 deep elf death magi
  Josephine (D:12)
  11 ettins
  20 ice dragons
  23 yaktaur captains
  12 death oozes
  2 jiangshi
  29 vault guards
  12 death cobs
  19 great orbs of eyes
  Fannar (Orc:4)
  9 rakshasas
  11 hydras
  Harold (D:14)
  A siren (shapeshifter) (Vaults:4)
  6 spriggan air magi
  2 alligator snapping turtles
  8 centaur warriors
  3 shambling mangroves (Zig:9)
  9 merfolk aquamancers
  20 death yaks
  A tengu warrior (D:15)
  A satyr (Zig:8)
  20 deep troll earth magi
  4 sirens
  2 dancing weapons
  An alligator (Zig:9)
  3 vampire magi
  22 ogre magi
  An anaconda (Zig:1)
  7 thrashing horrors (Abyss:3)
  2 hell hogs (Abyss:3)
  6 spriggan berserkers
  15 deep troll shamans
  5 orc high priests (Orc:4)
  2 fire crabs
  A soul eater (Depths:3)
  A catoblepas (Shoals:4)
  5 shadow wraiths
  2 wretched stars
  5 hell knights (Depths:4)
  3 sun demons
  3 titan skeletons
  12 sea snakes
  A death drake (Zig:9)
  2 quicksilver dragon simulacra
  A sea snake (shapeshifter) (Depths:2)
  20 deep elf knights
  A golden dragon zombie (Depths:3)
  5 skeletal warriors (D:13)
  11 unseen horrors
  6 iron trolls
  2 storm dragon skeletons
  11 large abominations
  An ice devil (Pan)
  A gelid demonspawn (Pan)
  5 giant orange brains
  A harpy (shapeshifter) (D:15)
  A shadow demon (Pan)
  17 orb spiders
  An unseen horror (shapeshifter) (Vaults:3)
  7 flayed ghosts
  15 deep elf summoners
  A giant orange brain (shapeshifter) (D:15)
  15 hill giants
  17 ironbrand convokers
  15 cyclopes
  2 anaconda skeletons
  4 orc sorcerers
  46 deep trolls
  A wizard (Vaults:2)
  A sphinx zombie (Depths:3)
  28 orc knights
  A golden dragon skeleton (Depths:3)
  2 salamanders (shapeshifter)
  10 deep elf conjurers
  31 harpies
  11 shining eyes
  32 wolf spiders
  22 moths of wrath
  A shadow dragon skeleton (Crypt:1)
  9 water nymphs
  A salamander (Abyss:3)
  2 fire giant zombies (Depths:3)
  2 stone giant zombies
  3 frost giant zombies (Depths:3)
  14 griffons
  18 necromancers
  14 red wasps
  52 ugly things
  4 hellions
  5 worldbinders
  3 sixfirhies
  2 fauns (Shoals:1)
  4 phantasmal warriors
  A manticore (shapeshifter) (Vaults:2)
  12 black mambas
  18 manticores
  A fire giant skeleton (Depths:3)
  A frost giant skeleton (Depths:3)
  A moth of wrath (shapeshifter) (Vaults:1)
  6 mermaids
  Maurice (D:12)
  2 guardian serpents
  An apocalypse crab (Abyss:3)
  An eye of devastation (Slime:6)
  Joseph (Orc:3)
  6 smoke demons
  22 vault sentinels
  3 elf zombies
  A spriggan zombie (Depths:3)
  A spiny frog (shapeshifter) (Vaults:2)
  3 tormentors
  6 elephants (Lair:8)
  A queen ant (D:13)
  2 torpor snails
  3 centaur skeletons
  A yaktaur (shapeshifter) (Elf:3)
  8 kobold demonologists
  4 orange demons
  2 gargoyles
  A yaktaur zombie (Depths:3)
  3 fire drakes
  2 iron devils
  8 efreet
  26 spiny frogs
  14 komodo dragons
  14 demonic crawlers
  A feature mimic (Shoals:2)
  3 hellwings
  2 wandering mushrooms (Lab)
  76 yaktaurs
  10 deep elf priests
  A white draconian skeleton (Zot:4)
  39 merfolk
  A silent spectre (Vaults:3)
  4 ancient zymes
  A minotaur zombie (Lab)
  2 tengu conjurers
  A troll (shapeshifter) (Zig:3)
  A jumping spider (shapeshifter) (Vaults:4)
  8 wind drakes
  36 two-headed ogres
  22 jumping spiders
  5 freezing wraiths
  11 boulder beetles
  A fire giant simulacrum (Vaults:5)
  A giant leech (Zig:9)
  16 trolls
  A raiju (shapeshifter) (Vaults:4)
  A wind drake (shapeshifter) (Depths:2)
  A tengu simulacrum (Depths:3)
  2 queen bees
  5 ravens
  176 slime creatures
  3 fire vortices (Volcano)
  4 snapping turtles
  21 blink frogs
  2 bog bodies (Zig:9)
  10 flying skulls
  A baby alligator (shapeshifter) (Vaults:2)
  A griffon zombie (D:13)
  7 raiju
  46 air elementals
  An ettin zombie (Zig:2)
  4 ynoxinuls
  A snapping turtle (shapeshifter) (Vaults:2)
  41 redbacks
  A human simulacrum (Vaults:1)
  23 tarantellas
  A frost giant simulacrum (Zig:7)
  A redback (shapeshifter) (Depths:4)
  7 wyverns
  A hill giant zombie (D:15)
  A wraith (Vaults:1)
  42 yaks
  20 water elementals
  5 basilisks
  An ettin skeleton (Crypt:1)
  5 shadows
  9 spriggans
  19 trapdoor spiders
  6 chaos spawn
  A queen ant zombie (Crypt:1)
  21 hippogriffs
  A yak (shapeshifter) (Vaults:2)
  A fire dragon skeleton (Zig:2)
  2 yaktaur simulacra
  14 golden eyes
  26 deep elf magi
  29 deep elf fighters
  14 neqoxecs
  8 vampires
  12 soldier ants (D:13)
  4 hungry ghosts
  19 vampire mosquitoes
  A hog (shapeshifter) (Depths:1)
  16 humans (D:13)
  4 nagas
  A steam dragon (Lair:5)
  2 elf skeletons (Depths:3)
  10 wolves
  4 mottled dragons
  6 tengu zombies
  69 orc warriors
  27 water moccasins
  A hydra simulacrum (D:15)
  An infernal demonspawn skeleton (Crypt:1)
  2 hell hounds
  9 wargs
  14 spiders
  12 ice beasts
  A boggart (shapeshifter) (D:14)
  A phantom (D:10)
  4 sky beasts
  7 black bears
  16 yellow wasps
  A manticore zombie (D:15)
  2 boring beetles (shapeshifter)
  12 centaurs
  A centaur (shapeshifter) (Depths:5)
  14 porcupines
  3 swamp drakes
  8 boggarts
  24 small abominations
  2 necrophages (Depths:3)
  74 ogres
  3 lost souls
  2 elf simulacra (Depths:3)
  4 big kobolds
  Duvessa (D:6)
  3 boring beetles
  3 brain worms
  21 crocodiles
  A cyclops zombie (D:12)
  22 giant frogs
  9 eyes of draining
  2 cyclops skeletons (D:12)
  A hippogriff zombie (Crypt:1)
  48 killer bees
  14 insubstantial wisps
  13 scorpions
  15 wights
  13 electric eels
  2 eyes of draining (shapeshifter)
  A hippogriff skeleton (D:12)
  A troll skeleton (D:10)
  12 crimson imps
  48 jellies
  Dowan (D:6)
  5 goliath beetles
  3 centaur zombies
  2 starcursed masses (Abyss:1)
  37 orc priests
  7 quasits
  4 iron imps
  5 iguanas
  34 orc wizards
  A basilisk skeleton (D:15)
  24 hounds
  3 human skeletons
  8 orange rats
  55 worker ants
  A big kobold zombie (D:9)
  An ogre zombie (Depths:3)
  33 sheep
  A mottled dragon zombie (Crypt:1)
  Ijyb (D:6)
  3 mummies
  An ogre skeleton (Depths:3)
  30 adders
  A gnoll (D:3)
  57 green rats
  An inept feature mimic (D:4)
  7 shadow imps
  7 white imps
  A worm (D:2)
  3 giant mites
  A worm (shapeshifter) (Vaults:2)
  13 ufetubi
  An adder skeleton (D:6)
  6 giant geckos
  4 oozes
  252 orcs
  14 bats
  4 giant cockroaches
  28 goblins
  22 hobgoblins
  30 kobolds
  A ball python (D:2)
  5 giant newts
  A goblin skeleton (D:4)
  A jackal (D:7)
  A kobold zombie (D:6)
  An orc zombie (D:9)
  11 quokkas
  10 rats
  3 briar patches (Zig:9)
  A bush (Lair:5)
  A crawling corpse (Elf:3)
  8 fungi
  24 macabre masses (Abyss:3)
  81 plants
  6 starspawn tentacles
3734 creatures vanquished.

Vanquished Creatures (collateral kills)
  3 orbs of fire
  3 ancient liches
  A curse toe (Zot:2)
  3 Killer Klowns
  10 golden dragons
  the Enchantress (Depths:3)
  4 electric golems
  2 bone dragons (Zot:3)
  7 tentacled monstrosities
  4 Orb Guardians (Zot:5)
  2 Ice Fiends (Pan)
  A quicksilver dragon (Depths:5)
  A deep elf blademaster (Elf:3)
  A titan (Depths:5)
  3 liches
  2 sphinxes (Depths:4)
  16 storm dragons
  A tentacled starspawn (Abyss:1)
  8 shadow dragons
  A fire giant (Depths:5)
  3 draconian monks
  7 frost giants
  2 orc warlords (Depths:4)
  A vault warden (Vaults:4)
  2 iron dragons
  2 draconian zealots
  A draconian scorcher (Zot:2)
  2 emperor scorpions
  A blood saint (Pan)
  3 draconian annihilators
  2 cacodemons
  A reaper (Depths:3)
  2 draconian shifters
  2 very ugly things
  2 deep elf demonologists (Elf:3)
  A war gargoyle (Vaults:5)
  4 draconian callers
  5 green draconians
  6 grey draconians
  A vampire knight (Depths:5)
  6 yellow draconians
  6 mottled draconians
  9 stone giants
  3 deep elf annihilators
  2 dire elephants (Depths:5)
  5 purple draconians
  6 black draconians
  A black sun (Pan)
  4 pale draconians
  2 white draconians
  5 red draconians
  A blizzard demon (Vaults:5)
  5 ettins
  3 deep elf death magi
  A quicksilver dragon zombie (Depths:3)
  A minotaur (Depths:5)
  4 yaktaur captains
  9 fire dragons
  A great orb of eyes (Depths:4)
  5 ice dragons
  An ironheart preserver (Vaults:5)
  7 death cobs
  A centaur warrior (Vaults:3)
  A spriggan air mage (Depths:5)
  4 deep troll earth magi
  3 deep troll shamans
  8 death yaks
  2 spriggan berserkers
  A shadow wraith (Vaults:3)
  A thrashing horror (Abyss:3)
  A catoblepas (Depths:5)
  A sun demon (Pan)
  6 iron trolls
  A death drake (Zot:4)
  A gelid demonspawn (Pan)
  2 large abominations (Pan)
  An infernal demonspawn (Pan)
  A giant orange brain (shapeshifter) (Depths:5)
  2 deep elf summoners (Elf:1)
  A putrid demonspawn (Pan)
  A deep elf conjurer (Vaults:5)
  6 deep trolls
  2 orc knights
  2 phantasmal warriors (Depths:5)
  12 moths of wrath
  2 sixfirhies (Pan)
  A spriggan zombie (Depths:3)
  A frost giant skeleton (Depths:3)
  A fire giant skeleton (Depths:3)
  A vault sentinel (Vaults:3)
  2 orange demons
  A spiny frog (Depths:5)
  A smoke demon (Pan)
  2 fire elementals (Zot:5)
  A spriggan skeleton (Depths:3)
  An eye of devastation (shapeshifter) (Vaults:5)
  A fire drake (Zot:4)
  A red draconian zombie (Zot:4)
  5 yaktaurs
  A storm dragon simulacrum (Depths:3)
  A hellwing (Pan)
  4 demonic crawlers (Pan)
  A jumping spider (shapeshifter) (Depths:3)
  A mottled draconian skeleton (Zot:5)
  A red devil (Elf:3)
  A komodo dragon (Zot:2)
  A wind drake (shapeshifter) (Depths:4)
  A two-headed ogre (Vaults:5)
  A slime creature (Vaults:3)
  A ynoxinul (Abyss:3)
  2 spriggans (Depths:4)
  4 air elementals
  A trapdoor spider (shapeshifter) (Elf:2)
  A chaos spawn (Pan)
  A steam dragon (Zot:5)
  A neqoxec (Abyss:3)
  A mottled dragon (shapeshifter) (Vaults:3)
  2 chimeras (Pan)
  2 small abominations (Abyss:3)
  A deep troll skeleton (Vaults:5)
  An ogre (Depths:3)
  2 yellow wasps (Depths:4)
  A centaur (Vaults:3)
  2 orange rats
  4 ufetubi (Abyss:3)
  An orc (Vaults:4)
  A crawling corpse (Elf:3)
  A fungus (Elf:2)
  3 macabre masses (Abyss:3)
  A plant (Zot:5)
  A starspawn tentacle (Abyss:1)
341 creatures vanquished.

Vanquished Creatures (others)
  A titan (Vaults:5)
  A great orb of eyes (Abyss:3)
  15 spellforged servitors
  A deep troll earth mage (Depths:3)
  2 deep troll shamans (Depths:3)
  A sea snake (Zig:8)
  A large abomination (Abyss:1)
  2 deep trolls (Depths:3)
  An ironbrand convoker (Vaults:5)
  A golden dragon skeleton (Depths:3)
  An ugly thing (Vaults:5)
  A fire giant skeleton (Vaults:5)
  2 moths of wrath
  An apocalypse crab (Abyss:3)
  A yaktaur (Depths:3)
  A fire drake (Zot:2)
  6 jumping spiders
  8 trapdoor spiders
  20 shadows
  10 redbacks
  A flying skull (Depths:3)
  8 water elementals
  3 fire elementals
  A golden eye (Abyss:3)
  3 small abominations
  A big kobold (Pan)
  10 lost souls
  4 chimeras
  An insubstantial wisp (Vaults:4)
  4 killer bees (Vaults:4)
  A hippogriff skeleton (D:13)
  A quasit (Depths:5)
  2 shadow imps (Vaults:5)
  A white imp (Depths:5)
  An ufetubus (Vaults:5)
  110 blocks of ice
  2 butterflies (Zig:5)
  25 fungi
  46 plants
  19 starspawn tentacles
  130 starspawn tentacle segments
  8 tentacles (Shoals:5)
  32 tentacle segments (Shoals:5)
491 creatures vanquished.

Grand Total: 4566 creatures vanquished

Notes
Turn   | Place    | Note
--------------------------------------------------------------
     0 | D:1      | Kashira, the Felid Ice Elementalist, began the quest for the Orb.
     0 | D:1      | Reached XP level 1. HP: 7/7 MP: 4/4
   253 | D:1      | Reached skill level 3 in Ice Magic
   776 | D:1      | Reached XP level 2. HP: 7/11 MP: 1/5
   780 | D:1      | Learned a level 2 spell: Throw Frost
  1330 | D:1      | Reached XP level 3. HP: 14/14 MP: 4/8
  2393 | D:2      | Reached XP level 4. HP: 16/18 MP: 2/11
  2706 | D:2      | Found a bloodstained altar of Trog.
  2777 | D:2      | Learned a level 3 spell: Ozocubu's Armour
  3534 | D:3      | Reached skill level 1 in Conjurations
  3929 | D:3      | Reached XP level 5. HP: 21/21 MP: 10/14
  4047 | D:3      | Reached skill level 4 in Ice Magic
  4099 | D:3      | Noticed a sky beast
  4137 | D:3      | Killed a sky beast
  4583 | D:4      | Gained mutation: You are covered in thick fur (AC +2). [growing up]
  4583 | D:4      | Gained mutation: You can jump attack at a medium distance. [growing up]
  4583 | D:4      | Reached XP level 6. HP: 19/25 MP: 14/18
  4862 | D:4      | Noticed an ogre
  4869 | D:4      | Killed an ogre
  5069 | D:4      | Learned a level 4 spell: Condensation Shield
  5124 | D:4      | Learned a level 4 spell: Throw Icicle
  5313 | D:4      | Found a staircase to the Ecumenical Temple.
  5608 | D:4      | Reached XP level 7. HP: 28/28 MP: 9/21
  5680 | Temple   | Entered the Ecumenical Temple
  5720 | Temple   | Became a worshipper of Vehumet
  6209 | D:4      | Reached skill level 5 in Ice Magic
  6404 | D:5      | Entered Level 5 of the Dungeon
  6461 | D:5      | Found an iron altar of Okawaru.
  6644 | D:6      | Noticed Dowan
  6967 | D:6      | Reached skill level 1 in Fighting
  7131 | D:6      | Noticed Duvessa
  7154 | D:6      | Killed Dowan
  7154 | D:6      | Reached skill level 5 in Spellcasting
  7526 | D:6      | Noticed Sigmund
  7571 | D:6      | Noticed a cyclops
  7603 | D:6      | Acquired Vehumet's first power
  7603 | D:6      | Offered knowledge of Flame Tongue by Vehumet.
  7625 | D:6      | Learned a level 1 spell: Flame Tongue
  7712 | D:6      | Killed Duvessa
  7933 | D:6      | Hit by a large rock thrown by a cyclops
  7934 | D:6      | Reached XP level 6. HP: -7/26 MP: 8/20
  8485 | D:6      | Reached XP level 7. HP: 12/30 MP: 11/22
  8772 | D:6      | Noticed Ijyb
  8781 | D:6      | Killed Ijyb
  8973 | D:7      | Gained mutation: You are resistant to hostile enchantments. [potion of mutation]
  8973 | D:7      | Gained mutation: You are dopey. (Int -2) [potion of mutation]
  9011 | D:7      | Reached skill level 6 in Ice Magic
  9731 | D:7      | Found a snail-covered altar of Cheibriados.
  9731 | D:7      | Found a blossoming altar of Fedhas.
  9959 | D:8      | Reached XP level 8. HP: 34/34 MP: 19/23
 10004 | D:8      | Noticed Kerbtree's ghost (experienced NaIE)
 10771 | D:8      | Found a shimmering altar of Xom.
 10952 | D:8      | Reached skill level 7 in Ice Magic
 11213 | D:8      | Offered knowledge of Magic Dart by Vehumet.
 11217 | D:8      | Reached skill level 1 in Charms
 11223 | D:8      | Learned a level 1 spell: Magic Dart
 11438 | D:9      | Reached XP level 9. HP: 14/39 MP: 15/25
 11791 | D:9      | Noticed a queen bee
 11796 | D:9      | Killed a queen bee
 11796 | D:9      | Reached skill level 8 in Ice Magic
 11796 | D:9      | Reached skill level 1 in Evocations
 12383 | D:9      | Offered knowledge of Inner Flame by Vehumet.
 12913 | D:9      | Reached skill level 5 in Dodging
 12927 | D:9      | Reached skill level 5 in Fighting
 13095 | D:9      | Acquired Vehumet's second power
 13890 | D:9      | Reached skill level 9 in Ice Magic
 14305 | D:9      | Offered knowledge of Fulminant Prism by Vehumet.
 14419 | D:9      | Reached XP level 10. HP: 44/44 MP: 24/28
 14696 | D:10     | Entered Level 10 of the Dungeon
 14703 | D:10     | Noticed a hill giant
 14882 | D:9      | Killed a hill giant
 15942 | D:10     | Reached skill level 10 in Ice Magic
 15976 | D:10     | Found a staircase to the Lair.
 15995 | D:10     | Acquired Vehumet's third power
 16527 | D:10     | Offered knowledge of Force Lance by Vehumet.
 17030 | D:10     | Found a staircase to the Orcish Mines.
 17245 | Orc:1    | Entered Level 1 of the Orcish Mines
 17422 | Orc:1    | Reached XP level 11. HP: 49/49 MP: 7/30
 18405 | Orc:1    | Learned a level 6 spell: Ozocubu's Refrigeration
 18406 | Orc:1    | Offered knowledge of Bolt of Draining by Vehumet.
 19624 | Orc:3    | HP: 1/49 [frozen (17)]
 19923 | Orc:3    | Noticed Joseph
 19950 | Orc:3    | Killed Joseph
 20278 | Orc:3    | Found a staircase to the Elven Halls.
 20629 | Orc:3    | Offered knowledge of Sticky Flame by Vehumet.
 20636 | Orc:3    | Learned a level 4 spell: Sticky Flame
 21036 | Orc:3    | Found Mnoun's Gadget Boutique.
 21046 | Orc:3    | Bought a plain deck of wonders for 168 gold pieces
 21047 | Orc:3    | Bought a wand of lightning (7) for 132 gold pieces
 21541 | Orc:4    | Entered Level 4 of the Orcish Mines
 21541 | Orc:4    | Noticed Fannar
 21647 | Orc:4    | Found an ancient bone altar of Kikubaaqudgha.
 21913 | Lair:1   | Entered Level 1 of the Lair of Beasts
 21915 | Lair:1   | Reached skill level 5 in Conjurations
 22183 | Lair:1   | Reached skill level 11 in Ice Magic
 22221 | Lair:1   | Noticed an eight-headed hydra
 22247 | Lair:1   | Noticed a five-headed hydra
 22310 | Lair:1   | Killed a five-headed hydra
 22425 | Lair:1   | Noticed Gastronok
 23302 | Lair:1   | Killed an eight-headed hydra
 24031 | Lair:2   | Gained mutation: You are surrounded by a mild repulsion field (EV +2). [mutagenic glow]
 24553 | Lair:2   | Reached skill level 10 in Spellcasting
 24579 | Lair:2   | Learned a level 6 spell: Bolt of Cold
 24808 | Lair:2   | Gained mutation: Your thick and shaggy fur keeps you warm (AC +3, rC+). [growing up]
 24808 | Lair:2   | Gained mutation: You can jump attack at a long distance. [growing up]
 24808 | Lair:2   | Reached XP level 12. HP: 54/54 MP: 18/32
 26157 | Lair:3   | Found a staircase to the Shoals.
 26157 | Lair:3   | Noticed an eight-headed hydra
 26433 | Lair:3   | Offered knowledge of Fireball by Vehumet.
 26656 | Lair:3   | Killed an eight-headed hydra
 27426 | Lair:4   | Noticed Snorg
 28343 | Lair:5   | Found a hole to the Spider Nest.
 28360 | Lair:5   | Reached skill level 10 in Dodging
 29595 | Lair:6   | Found a dark tunnel.
 29604 | Volcano  | Entered a volcano
 30330 | Lair:6   | Noticed a four-headed hydra
 30390 | Lair:6   | Killed a four-headed hydra
 30516 | Lair:6   | Reached skill level 12 in Dodging
 31261 | Lair:6   | Reached XP level 13. HP: 41/58 MP: 8/34
 31412 | Lair:6   | Reached skill level 13 in Dodging
 32900 | Lair:7   | Gained mutation: You can spit poison. [potion of mutation]
 32900 | Lair:7   | Lost mutation: You are dopey. (Int -2) [potion of mutation]
 33033 | Lair:7   | Reached skill level 10 in Fighting
 33819 | Lair:8   | Entered Level 8 of the Lair of Beasts
 34594 | Lair:8   | Offered knowledge of Lightning Bolt by Vehumet.
 34925 | Lair:8   | Found a viscous altar of Jiyva.
 34928 | Lair:8   | Found a staircase to the Slime Pits.
 35486 | Lair:8   | Learned a level 6 spell: Freezing Cloud
 35796 | Lair:8   | HP: 3/61 [poisoned by a wolf spider]
 35801 | Lair:8   | HP: 2/61 [poisoned by a wolf spider]
 35808 | Lair:8   | HP: 1/61 [poisoned by a wolf spider]
 35816 | Lair:8   | HP: 1/61 [poisoned by a wolf spider]
 36644 | Lair:8   | Reached XP level 14. HP: 64/66 MP: 0/36
 38930 | Lair:4   | Killed Snorg
 38930 | Lair:4   | Reached skill level 14 in Spellcasting
 41030 | Lair:1   | Killed Gastronok
 41648 | Orc:4    | Found a roughly hewn altar of Beogh.
 41749 | Orc:4    | Offered knowledge of Iron Shot by Vehumet.
 41757 | Orc:4    | Learned a level 6 spell: Iron Shot
 41782 | Orc:4    | Killed Fannar
 42927 | Orc:4    | Noticed an orc high priest
 42937 | Orc:4    | Killed an orc high priest
 43720 | Orc:4    | Noticed an orc high priest
 43726 | Orc:4    | Killed an orc high priest
 43730 | Orc:4    | Noticed an orc high priest
 44385 | Orc:4    | Killed an orc high priest
 44507 | Orc:4    | Noticed an orc high priest
 44511 | Orc:4    | Killed an orc high priest
 44516 | Orc:4    | Noticed an orc high priest
 44519 | Orc:4    | Killed an orc high priest
 44616 | Orc:4    | Found Heoror's Food Shop.
 44618 | Orc:4    | Found Ghasmy's Distillery.
 44619 | Orc:4    | Found Wuec's Food Boutique.
 44620 | Orc:4    | Found Qamaal's Jewellery Shop.
 44640 | Orc:4    | Bought the ring "Blitt" {rC+ Int+1 Stlth+} for 537 gold pieces
 44646 | Orc:4    | Bought a potion of haste for 126 gold pieces
 44646 | Orc:4    | Bought 2 potions of curing for 72 gold pieces
 44646 | Orc:4    | Bought a potion of heal wounds for 54 gold pieces
 44646 | Orc:4    | Bought a potion of heal wounds for 54 gold pieces
 44646 | Orc:4    | Bought a potion of cure mutation for 630 gold pieces
 44646 | Orc:4    | Bought a potion of lignification for 36 gold pieces
 44844 | Shoals:1 | Entered Level 1 of the Shoals
 44875 | Shoals:1 | Offered knowledge of Bolt of Fire by Vehumet.
 45092 | Shoals:1 | Noticed Roxanne
 46193 | Shoals:1 | Found Thoelumux's Antique Armour Shop.
 46414 | Shoals:1 | Reached XP level 15. HP: 69/69 MP: 27/38
 46530 | Shoals:2 | Gained mutation: You have a somewhat thin skeletal structure (Dex +2, Stealth). [potion of mutation]
 46530 | Shoals:2 | Gained mutation: You are frail (-10% HP). [potion of mutation]
 46530 | Shoals:2 | Lost mutation: You are resistant to hostile enchantments. [potion of mutation]
 46857 | Shoals:2 | Lost mutation: You are frail (-10% HP). [potion of mutation]
 46857 | Shoals:2 | Gained mutation: Your system is resistant to poisons. [potion of mutation]
 46857 | Shoals:2 | Gained mutation: Your muscles are strong. (Str +2) [potion of mutation]
 47607 | Shoals:2 | Reached skill level 15 in Spellcasting
 48963 | Shoals:3 | Offered knowledge of Conjure Ball Lightning by Vehumet.
 49451 | Shoals:4 | Noticed Polyphemus
 49623 | Shoals:4 | Reached skill level 15 in Ice Magic
 49972 | Shoals:4 | Killed Polyphemus
 50603 | Shoals:5 | Entered Level 5 of the Shoals
 51387 | Shoals:5 | Reached skill level 16 in Ice Magic
 51418 | Shoals:5 | Identified the Incunabulum of Conjuration and the Volcanoes
 51723 | Shoals:5 | Reached XP level 16. HP: 67/73 MP: 5/39
 51936 | Shoals:5 | Noticed Agnes
 51946 | Shoals:5 | Killed Agnes
 52696 | Shoals:5 | Learned a level 3 spell: Mephitic Cloud
 53045 | Shoals:5 | Reached skill level 1 in Air Magic
 53829 | Spider:1 | Entered Level 1 of the Spider Nest
 54617 | Spider:1 | Reached skill level 5 in Air Magic
 56141 | Spider:2 | Got a warped lapis lazuli ring
 58601 | Spider:3 | Identified the ring "Pnaan" {Int+2 Slay+4} (You found it on level 2 of the Spider Nest)
 59344 | Spider:4 | Offered knowledge of Lehudib's Crystal Spear by Vehumet.
 59344 | Spider:4 | Offered knowledge of Chain Lightning by Vehumet.
 59344 | Spider:4 | Offered knowledge of Tornado by Vehumet.
 59973 | Spider:4 | Noticed Donald
 60088 | Spider:4 | Killed Donald
 60946 | Spider:5 | Entered Level 5 of the Spider Nest
 60954 | Spider:5 | Reached skill level 10 in Conjurations
 61169 | Lair:2   | Gained mutation: Your body is misshapen. [potion of mutation]
 61519 | Spider:5 | Reached XP level 17. HP: 65/76 MP: 12/40
 63684 | Spider:5 | Got a gossamer rune of Zot
 64850 | Shoals:5 | Noticed Ilsuiw
 65901 | Shoals:5 | Got a barnacled rune of Zot
 66467 | D:11     | Found Ghiqoixt's Magic Scroll Shoppe.
 66478 | D:11     | Bought a scroll of identify for 30 gold pieces
 66478 | D:11     | Bought a scroll of identify for 30 gold pieces
 66478 | D:11     | Bought a scroll of identify for 30 gold pieces
 66478 | D:11     | Bought a scroll of remove curse for 45 gold pieces
 66478 | D:11     | Bought a scroll of identify for 30 gold pieces
 66478 | D:11     | Bought a scroll of remove curse for 45 gold pieces
 66478 | D:11     | Bought a scroll of torment for 112 gold pieces
 66478 | D:11     | Bought a scroll of identify for 30 gold pieces
 66478 | D:11     | Bought a scroll of identify for 30 gold pieces
 66882 | D:11     | Found a shimmering altar of Xom.
 66882 | D:11     | Found a bloodstained altar of Trog.
 66955 | D:11     | Reached skill level 17 in Spellcasting
 68075 | D:12     | Found a labyrinth entrance.
 68087 | Lab      | Entered a labyrinth
 68426 | Lab      | Identified Vehumet's Tome of Freezing Confrontation
 68426 | Lab      | Got a warped ruby amulet
 68631 | D:12     | Noticed Maurice
 68636 | D:12     | Killed Maurice
 68954 | D:12     | Identified the amulet of Emialent {Stasis rPois SInv} (You found it in a labyrinth)
 70087 | D:12     | Noticed Josephine
 70091 | D:12     | Killed Josephine
 71291 | D:13     | Found a gate to the Vaults.
 71357 | D:13     | Noticed Rupert
 72154 | D:13     | Reached XP level 18. HP: 76/80 MP: 39/41
 72515 | D:13     | Found Frymam's Magic Scroll Emporium.
 72551 | D:13     | Bought a scroll of fear for 56 gold pieces
 73718 | D:14     | Noticed Harold
 73730 | D:14     | Killed Harold
 75970 | D:15     | Entered Level 15 of the Dungeon
 76099 | D:15     | Gained mutation: You are frail (-10% HP). [mutagenic meat]
 76100 | D:15     | Gained mutation: You are somewhat resistant to further mutation. [mutagenic meat]
 76470 | D:15     | Identified a scroll of acquirement
 76606 | D:15     | Found a shadowy altar of Dithmenos.
 77441 | D:15     | Found a staircase to the Depths.
 77592 | Depths:1 | Entered Level 1 of the Depths
 77940 | Depths:1 | Found a gateway to Hell.
 78413 | Vaults:1 | Entered Level 1 of the Vaults
 79977 | Vaults:1 | Lost mutation: Your muscles are strong. (Str +2) [mutagenic meat]
 79978 | Vaults:1 | Gained mutation: Your body is slowly deteriorating. [mutagenic meat]
 80375 | D:13     | Killed Rupert
 80537 | Lair:2   | Lost mutation: Your body is slowly deteriorating. [potion of cure mutation]
 80537 | Lair:2   | Lost mutation: Your body is misshapen. [potion of cure mutation]
 80537 | Lair:2   | Lost mutation: You can spit poison. [potion of cure mutation]
 80537 | Lair:2   | Lost mutation: You have a somewhat thin skeletal structure (Dex +2, Stealth). [potion of cure mutation]
 80537 | Lair:2   | Lost mutation: You are somewhat resistant to further mutation. [potion of cure mutation]
 81996 | Vaults:1 | Reached XP level 19. HP: 69/80 MP: 23/42
 82219 | Vaults:1 | Reached skill level 15 in Dodging
 83507 | Vaults:2 | Reached skill level 18 in Ice Magic
 86048 | Vaults:2 | Gained mutation: You are dopey. (Int -2) [mutagenic meat]
 86912 | Vaults:2 | Gained mutation: Your body is slowly deteriorating. [mutagenic meat]
 86913 | Vaults:2 | Gained mutation: You are somewhat resistant to further mutation. [mutagenic meat]
 87230 | Orc:4    | Bought a potion of flight for 54 gold pieces
 87230 | Orc:4    | Bought a potion of cure mutation for 630 gold pieces
 87233 | Orc:4    | Lost mutation: You are frail (-10% HP). [potion of cure mutation]
 87233 | Orc:4    | Lost mutation: You are surrounded by a mild repulsion field (EV +2). [potion of cure mutation]
 87233 | Orc:4    | Lost mutation: You are somewhat resistant to further mutation. [potion of cure mutation]
 87233 | Orc:4    | Lost mutation: You are dopey. (Int -2) [potion of cure mutation]
 87233 | Orc:4    | Lost mutation: Your body is slowly deteriorating. [potion of cure mutation]
 88715 | Vaults:2 | Got a glittering amethyst amulet
 88717 | Vaults:2 | Identified the amulet "Ghiomn" {Gourm Str-5} (You acquired it on level 2 of the Vaults)
 89962 | Vaults:3 | Reached XP level 20. HP: 90/93 MP: 19/42
 90127 | Vaults:3 | Reached skill level 15 in Conjurations
 93083 | Vaults:4 | Found Ekhletos' Weapon Shoppe.
 95073 | Vaults:4 | Learned a level 9 spell: Glaciate
 96212 | Vaults:5 | Entered Level 5 of the Vaults
 97016 | Vaults:5 | Reached XP level 21. HP: 95/97 MP: 17/43
100621 | Depths:1 | Reached skill level 19 in Conjurations
102115 | Depths:2 | Paralysed by a great orb of eyes for 6 turns
102616 | Depths:2 | Noticed Mara
103307 | Depths:2 | Reached skill level 20 in Conjurations
103435 | Depths:2 | Found a gateway to a ziggurat.
104396 | Depths:2 | Found a one-way gate leading to the halls of Pandemonium.
104983 | Depths:2 | Noticed Kashira's illusion
105232 | Depths:2 | Killed Mara
105232 | Depths:2 | Killed Mara
105232 | Depths:2 | Killed Mara
106811 | Depths:2 | Reached XP level 22. HP: 91/101 MP: 33/44
108760 | Depths:3 | Noticed Saint Roka
109039 | Depths:3 | Noticed the Enchantress
109963 | Depths:2 | Killed Saint Roka
110604 | Depths:3 | HP: 3/102 [ettin/dire flail (24)]
110935 | Lair:2   | Learned a level 6 spell: Simulacrum
111244 | Depths:3 | Reached skill level 1 in Necromancy
111266 | Depths:2 | HP: 4/102 [deep troll earth mage (19)]
113257 | Vaults:3 | Gained mutation: Your magical capacity is low (-10% MP). [mutagenic meat]
113258 | Vaults:3 | Lost mutation: Your magical capacity is low (-10% MP). [mutagenic meat]
113259 | Vaults:3 | Gained mutation: You are somewhat resistant to further mutation. [mutagenic meat]
113287 | Vaults:3 | Found a staircase to the Crypt.
113641 | Vaults:3 | Reached skill level 5 in Necromancy
115135 | Slime:1  | Entered Level 1 of the Pits of Slime
115512 | Slime:1  | You fall through a shaft!
120314 | Elf:1    | Entered Level 1 of the Elven Halls
121134 | Elf:1    | Reached XP level 23. HP: 105/105 MP: 40/45
121627 | Elf:2    | Gained mutation: You can breathe flames. [mutagenic meat]
121749 | Elf:2    | Found a shimmering altar of Xom.
121869 | Elf:2    | Found Kixziax's Distillery.
121879 | Elf:2    | Bought a potion of magic for 104 gold pieces
121879 | Elf:2    | Bought a potion of agility for 47 gold pieces
121879 | Elf:2    | Bought a potion of invisibility for 104 gold pieces
121879 | Elf:2    | Bought a potion of magic for 104 gold pieces
121879 | Elf:2    | Bought a potion of agility for 47 gold pieces
121879 | Elf:2    | Bought a potion of curing for 38 gold pieces
122337 | Elf:3    | Entered Level 3 of the Elven Halls
122573 | Elf:3    | Found a magical portal.
122637 | WizLab   | Entered The Chambers of Threadoq the Cloud Mage
124572 | WizLab   | Identified the Volume of Helpful Air
124578 | WizLab   | Identified the Reference Book on Hurtful Flight
124690 | WizLab   | Learned a level 2 spell: Repel Missiles
124865 | Elf:3    | Found Hylelaed's Book Shop.
126715 | Lair:2   | XOM: divination: magic mapping
128574 | Vaults:4 | Reached skill level 21 in Ice Magic
132383 | Vaults:5 | Noticed an ancient lich
133324 | Vaults:5 | Reached skill level 22 in Ice Magic
133346 | Vaults:4 | Killed an ancient lich
133346 | Vaults:4 | Reached XP level 24. HP: 109/109 MP: 21/45
135145 | Vaults:5 | Got a slimy golden ring
135154 | Vaults:5 | Identified the ring "Pivokov" {+Fly MR+} (You found it on level 5 of the Vaults)
135165 | Vaults:5 | Got a silver rune of Zot
135725 | Vaults:5 | Cast into the Abyss (drawing a card)
135914 | Abyss:1  | Found a sparkling altar of Nemelex Xobeh.
136061 | Abyss:2  | Found a corrupted altar of Lugonu.
136093 | Abyss:2  | Found a stormy altar of Qazlal.
137543 | Abyss:2  | Found a corrupted altar of Lugonu.
137617 | Abyss:2  | HP: 4/109 [Executioner (15)]
137617 | Abyss:2  | Mangled by an Executioner
137618 | Abyss:2  | Reached XP level 23. HP: -8/105 MP: 0/45
137783 | Abyss:3  | Found a corrupted altar of Lugonu.
137860 | Abyss:3  | Found a corrupted altar of Lugonu.
137900 | Abyss:3  | Found a corrupted altar of Lugonu.
138304 | Abyss:3  | Reached skill level 23 in Ice Magic
139042 | Vaults:5 | Escaped the Abyss
139920 | Lair:2   | Learned a level 2 spell: Blink
141555 | Depths:3 | Reached skill level 1 in Translocations
141637 | Depths:3 | Killed the Enchantress
141643 | Depths:3 | Got a faerie dragon armour
141644 | Depths:3 | Identified the +7 faerie dragon armour {Str-2 Int+2} (You took it off the Enchantress on level 3 of the Depths)
142334 | Depths:3 | Noticed an ancient lich
143462 | Depths:2 | Killed an ancient lich
143761 | Depths:3 | Found an ancient bone altar of Kikubaaqudgha.
143778 | Depths:3 | Killed from afar by a fire giant
143779 | Depths:3 | Reached XP level 22. HP: -26/103 MP: 0/44
143950 | Depths:3 | Found a one-way gate to the infinite horrors of the Abyss.
145460 | Depths:3 | Reached skill level 15 in Fighting
145717 | Depths:3 | Identified Iskenderun's Disquisition on Confrontation and the Volcanoes (You found it on level 3 of the Depths)
146195 | Depths:3 | Reached XP level 23. HP: 85/107 MP: 15/45
147063 | Depths:3 | Got an ancient lead ring
147065 | Depths:3 | Identified the ring of Qugump {+Blink rF- Slay+2} (You acquired it on level 3 of the Depths)
147360 | Depths:4 | Noticed Margery
147517 | Depths:4 | Killed Margery
149057 | Depths:4 | Found an iron altar of Okawaru.
149057 | Depths:4 | Noticed Wiglaf
149070 | Depths:4 | Killed Wiglaf
149368 | Depths:5 | Entered Level 5 of the Depths
150460 | Depths:5 | Found a bloodstained altar of Trog.
150461 | Depths:5 | Found a snail-covered altar of Cheibriados.
150461 | Depths:5 | Found a blossoming altar of Fedhas.
151918 | Depths:5 | Got a warped tin ring
152116 | Depths:5 | Identified the ring of Tulips {rF- AC+4} (You took it off a spriggan defender on level 5 of the Depths)
153564 | Depths:4 | Reached XP level 24. HP: 119/119 MP: 17/45
155157 | Depths:5 | Got a shimmering amber ring
155498 | Depths:5 | Found a gate to the Realm of Zot.
155712 | Zot:1    | Entered Level 1 of the Realm of Zot
156808 | Zot:1    | Identified the ring of the Black Skies {Wiz rPois} (You took it off a deep elf annihilator on level 5 of the Depths)
159234 | Depths:4 | Gained mutation: Your body is slowly deteriorating. [mutagenic meat]
159701 | Slime:4  | Reached skill level 5 in Stealth
160097 | Slime:6  | Entered Level 6 of the Pits of Slime
160278 | Slime:3  | Gained mutation: You heal slowly when monsters are visible. [a shining eye]
161286 | Slime:6  | Noticed the royal jelly
161706 | Slime:6  | Killed the royal jelly
163134 | Slime:6  | Reached XP level 25. HP: 119/127 MP: 25/46
163223 | Slime:6  | Got a smoking bone ring
163231 | Slime:6  | Got a slimy rune of Zot
163361 | Lair:8   | Identified the ring "Uniwagom" {rN+ MR+ Int-3} (You found it on level 6 of the Pits of Slime)
165510 | Crypt:1  | Entered Level 1 of the Crypt
172995 | Orc:4    | Bought an uncursed ring of invisibility for 480 gold pieces
172997 | Orc:4    | Bought a meat ration for 60 gold pieces
172997 | Orc:4    | Bought a beef jerky for 18 gold pieces
172997 | Orc:4    | Bought a meat ration for 60 gold pieces
172997 | Orc:4    | Bought a beef jerky for 18 gold pieces
172997 | Orc:4    | Bought a slice of pizza for 18 gold pieces
173000 | Orc:4    | Bought a potion of restore abilities for 54 gold pieces
173002 | Orc:4    | Bought a meat ration for 55 gold pieces
173002 | Orc:4    | Bought a meat ration for 55 gold pieces
173002 | Orc:4    | Bought a slice of pizza for 16 gold pieces
173002 | Orc:4    | Bought a meat ration for 55 gold pieces
173002 | Orc:4    | Bought a meat ration for 55 gold pieces
173002 | Orc:4    | Bought a slice of pizza for 16 gold pieces
173002 | Orc:4    | Bought a slice of pizza for 16 gold pieces
174870 | Depths:4 | Voluntarily entered the Abyss.
175319 | Abyss:3  | Reached skill level 5 in Evocations
176331 | Abyss:3  | Found a corrupted altar of Lugonu.
176387 | Abyss:3  | Found a corrupted altar of Lugonu.
176523 | Depths:4 | Escaped the Abyss
177461 | Zig:1    | Entered Level 1 of a ziggurat
177556 | Zig:2    | Entered Level 2 of a ziggurat
177721 | Zig:3    | Entered Level 3 of a ziggurat
177868 | Zig:4    | Entered Level 4 of a ziggurat
177940 | Zig:5    | Entered Level 5 of a ziggurat
177959 | Zig:5    | Gained mutation: You are dopey. (Int -2) [mutagenic glow]
177975 | Zig:6    | Entered Level 6 of a ziggurat
178087 | Zig:6    | Gained mutation: You have difficulty communicating with the divine. [mutagenic glow]
178324 | Zig:6    | Reached skill level 10 in Evocations
178324 | Zig:6    | Reached XP level 26. HP: 133/133 MP: 46/46
178346 | Zig:7    | Entered Level 7 of a ziggurat
178682 | Zig:8    | Entered Level 8 of a ziggurat
178691 | Zig:8    | Reached XP level 27. HP: 136/136 MP: 22/47
178767 | Zig:8    | Got a heavily runed wooden ring
178769 | Zig:8    | Identified the ring "Xenoomuyj" {Contam MR+ Int+3} (You found it on level 8 of a ziggurat)
178867 | Zig:8    | Lost mutation: You are dopey. (Int -2) [mutagenic glow]
179037 | Zig:9    | Entered Level 9 of a ziggurat
179119 | Zig:9    | Got an ancient iron ring
179121 | Zig:9    | Identified the ring "Smigor" {Dex-2 Stlth+} (You found it on level 9 of a ziggurat)
179141 | Zig:9    | Gained mutation: You are dopey. (Int -2) [mutagenic glow]
179184 | Zig:10   | Entered Level 10 of a ziggurat
179193 | Zig:10   | Noticed Ukoupn the pandemonium lord
179723 | D:14     | Reached skill level 15 in Evocations
180142 | Zot:2    | Noticed an orb of fire
180150 | Zot:3    | HP: 4/138 [orb of fire/fireball (33)]
180151 | Zot:3    | Killed from afar by an orb of fire
180152 | Zot:3    | Reached XP level 26. HP: -38/134 MP: 0/46
181346 | Zot:3    | Gained mutation: Your magical capacity is low (-10% MP). [an orb of fire]
181754 | Zot:5    | Entered Level 5 of the Realm of Zot
185914 | Lair:2   | Lost mutation: You have difficulty communicating with the divine. [potion of cure mutation]
185914 | Lair:2   | Lost mutation: Your body is slowly deteriorating. [potion of cure mutation]
185914 | Lair:2   | Lost mutation: Your magical capacity is low (-10% MP). [potion of cure mutation]
185914 | Lair:2   | Lost mutation: You heal slowly when monsters are visible. [potion of cure mutation]
186189 | Slime:6  | Got a smoking lead ring
186369 | Lair:8   | Identified the ring "Thaczash" {+Inv rF+} (You found it on level 6 of the Pits of Slime)
187030 | Depths:3 | Voluntarily entered the Abyss.
187700 | Abyss:1  | Noticed an ancient lich
188113 | Depths:3 | Escaped the Abyss
188398 | Lair:2   | Learned a level 7 spell: Spellforged Servitor
188873 | Depths:3 | Voluntarily entered the Abyss.
188873 | Abyss:1  | Found a corrupted altar of Lugonu.
189752 | Abyss:3  | Found a corrupted altar of Lugonu.
190077 | Abyss:3  | Reached XP level 27. HP: 103/139 MP: 15/47
190109 | Abyss:3  | Got an abyssal rune of Zot
190692 | Depths:3 | Escaped the Abyss
192612 | Zot:4    | Learned a level 6 spell: Haste
193475 | Zot:5    | Noticed an orb of fire
193584 | Zot:5    | Noticed an orb of fire
193681 | Zot:5    | Gained mutation: You are weak. (Str -2) [an orb of fire]
193921 | Zot:5    | Noticed an orb of fire
193932 | Zot:4    | Gained mutation: You are clumsy. (Dex -2) [an orb of fire]
193940 | Zot:4    | Killed an orb of fire
193940 | Zot:4    | Reached skill level 24 in Ice Magic
194314 | Zot:5    | Gained mutation: You heal slowly when monsters are visible. [an orb of fire]
194320 | Zot:5    | Killed an orb of fire
195456 | Zot:5    | Gained mutation: You are very clumsy. (Dex -4) [an orb of fire]
195462 | Zot:5    | Noticed an orb of fire
195464 | Zot:4    | Killed an orb of fire
195622 | Zot:5    | Gained mutation: You are frail (-10% HP). [an orb of fire]
195919 | Zot:5    | Gained mutation: Your body is slowly deteriorating. [an orb of fire]
195925 | Zot:5    | Noticed an ancient lich
195936 | Zot:5    | Killed an orb of fire
195955 | Zot:5    | Killed an ancient lich
196104 | Zot:5    | Noticed an ancient lich
196135 | Zot:5    | Noticed an ancient lich
196417 | Zot:5    | Killed an ancient lich
196425 | Zot:5    | Noticed an ancient lich
198136 | Zot:3    | Lost mutation: You heal slowly when monsters are visible. [an orb of fire]
198754 | Zot:2    | Reached skill level 5 in Charms
198877 | Pan      | Entered Pandemonium
198918 | Pan      | Gained mutation: Your body is deteriorating. [a cacodemon]
198958 | Pan      | HP: 3/124 [gelid blood saint/flash freeze (13)]
198964 | Pan      | Killed from afar by a smoke demon
198965 | Pan      | Reached XP level 26. HP: -2/120 MP: 0/47
200174 | Pan      | Noticed Okhlegh Xoze the pandemonium lord
200229 | Pan      | Your ally Ramuc died
200264 | Pan      | HP: 4/122 [sixfirhy (6)]
200264 | Pan      | Mangled by a sixfirhy

Action                   |  1- 3 |  4- 6 |  7- 9 | 10-12 | 13-15 | 16-18 | 19-21 | 22-24 | 25-27 || total
-------------------------+-------+-------+-------+-------+-------+-------+-------+-------+-------++-------
Melee: Unarmed           |    21 |    37 |    66 |    12 |    68 |   149 |    85 |   327 |    90 ||   855
 Cast: Freeze            |    55 |    73 |   206 |   343 |   416 |   195 |    68 |   168 |    82 ||  1606
       Throw Frost       |    10 |    69 |   191 |   543 |   258 |    73 |    31 |    83 |    16 ||  1274
       Condensation Shie |       |     3 |    14 |    29 |    25 |    56 |    75 |   298 |   135 ||   635
       Ozocubu's Armour  |       |     1 |    13 |    25 |    21 |    42 |    69 |   279 |   124 ||   574
       Flame Tongue      |       |       |    27 |     2 |       |       |       |       |       ||    29
       Throw Icicle      |       |       |     1 |   172 |   364 |   532 |   471 |   889 |   427 ||  2856
       Magic Dart        |       |       |    35 |       |       |       |       |       |       ||    35
       Ozocubu's Refrige |       |       |       |    22 |    26 |    45 |    48 |    48 |    30 ||   219
       Bolt of Cold      |       |       |       |    26 |    39 |    42 |    36 |   243 |    70 ||   456
       Freezing Cloud    |       |       |       |       |   146 |   411 |   353 |   558 |   259 ||  1727
       Sticky Flame      |       |       |       |       |     1 |     6 |    17 |    88 |   158 ||   270
       Mephitic Cloud    |       |       |       |       |       |     8 |     2 |     1 |       ||    11
       Glaciate          |       |       |       |       |       |       |     4 |    67 |    56 ||   127
       Simulacrum        |       |       |       |       |       |       |       |   117 |    47 ||   164
       Repel Missiles    |       |       |       |       |       |       |       |     8 |    15 ||    23
       Spellforged Servi |       |       |       |       |       |       |       |       |    85 ||    85
       Haste             |       |       |       |       |       |       |       |       |     5 ||     5
       Blink             |       |       |       |       |       |       |       |       |     5 ||     5
 Abil: Jump Attack       |     6 |       |       |       |       |       |     1 |       |     1 ||     8
       Stop Flying       |       |       |       |       |     2 |     3 |       |       |       ||     5
       Evoke Flight      |       |       |       |       |     2 |     3 |       |       |       ||     5
       Spit Poison       |       |       |       |       |       |     1 |       |       |       ||     1
       Breathe Fire      |       |       |       |       |       |       |       |     7 |    75 ||    82
       Evoke Invisibilit |       |       |       |       |       |       |       |     1 |    23 ||    24
       Turn Visible      |       |       |       |       |       |       |       |       |     1 ||     1
Evoke: Wand              |       |     1 |    13 |    19 |    12 |    31 |    18 |    35 |    22 ||   151
       Deck              |       |       |       |     4 |       |       |       |    35 |    16 ||    55
       Lamp of fire      |       |       |       |       |       |       |     1 |     3 |     4 ||     8
       Phial of floods   |       |       |       |       |       |       |     2 |     1 |     5 ||     8
       Stone of tremors  |       |       |       |       |       |       |       |       |     3 ||     3
       Crystal ball of e |       |       |       |       |       |       |       |       |     2 ||     2
       Sack of spiders   |       |       |       |       |       |       |       |       |    13 ||    13
       Box of beasts     |       |       |       |       |       |       |       |       |    10 ||    10
       Disc of storms    |       |       |       |       |       |       |       |       |     4 ||     4
  Use: Scroll            |       |    10 |    15 |    11 |    15 |    12 |    10 |    46 |    15 ||   134
       Potion            |       |       |     1 |     1 |    10 |     6 |     9 |    51 |    29 ||   107
 Stab: Sleeping          |     2 |       |     1 |       |       |       |       |       |       ||     3
       Distracted        |       |       |       |       |       |       |     1 |       |     1 ||     2
       Invisible         |       |       |       |       |       |       |       |     1 |       ||     1
  Eat: Chunk             |    11 |    11 |    25 |    69 |   114 |   182 |   135 |   173 |   163 ||   883
       Pizza             |       |       |       |       |     1 |       |       |     2 |     6 ||     9
       Beef jerky        |       |       |       |       |       |     1 |       |     7 |     9 ||    17
       Meat ration       |       |       |       |       |       |       |       |    20 |     9 ||    29
       Royal jelly       |       |       |       |       |       |       |       |     2 |    10 ||    12
